 Dungeon Crawl Stone Soup version 0.23-a0-78-gc252fe1 (webtiles) character file.

1068 jjfam the Chopper (level 8, -1/72 HPs)
             Began as a Deep Dwarf Fighter on Aug 10, 2018.
             Killed from afar by a steam dragon (17 damage)
             ... with a ball of steam
             ... on level 5 of the Dungeon.
             The game lasted 00:07:37 (2978 turns).

jjfam the Chopper (Deep Dwarf Fighter)              Turns: 2978, Time: 00:07:38

Health: -1/72      AC:  8    Str: 23    XL:     8   Next: 7%
Magic:  6/6        EV: 11    Int:  8    God:
Gold:   215        SH: 10    Dex: 12    Spells: 7/7 levels left

rFire    . . .     SeeInvis .   a - +0 war axe
rCold    . . .     Gourm    .   c - +0 shield
rNeg     . . .     Faith    .   s - +0 acid dragon scales
rPois    .         Spirit   .   (no helmet)
rElec    .         Reflect  .   (no cloak)
rCorr    +         Harm     .   (no gloves)
MR       +....                  h - +0 pair of boots
Stlth    +.........             (no amulet)
HPRegen  0.00/turn              (no ring)
MPRegen  0.10/turn              (no ring)

@: non-regenerating
A: damage resistance, heal wounds, sense surroundings 1, no regeneration
a: Heal Wounds


You were on level 5 of the Dungeon.
You were not hungry.

You visited 1 branch of the dungeon, and saw 5 of its levels.

You collected 243 gold pieces.
You spent 28 gold pieces at shops.

Inventory:

Hand Weapons
 a - a +0 war axe (weapon)
Armour
 b - a +0 scale mail
 c - a +0 shield (worn)
 h - a +0 pair of boots (worn)
 s - +0 acid dragon scales (worn)
Jewellery
 B - a cursed ring of attention {unknown}
Scrolls
 e - 4 scrolls of enchant weapon {unknown}
 j - 7 scrolls of identify
 l - 2 scrolls of remove curse {unknown}
 n - 2 scrolls of immolation {unknown}
 o - a scroll of teleportation {unknown}
 p - a scroll of amnesia {unknown}
 t - a scroll of magic mapping {unknown}
 x - 2 scrolls of random uselessness {unknown}
 y - a scroll of fear {unknown}
 A - a scroll of enchant armour {unknown}
Potions
 d - a potion of might
 i - a potion of brilliance {unknown}
 k - 2 potions of magic {unknown}
 m - 3 potions of ambrosia {unknown}
 q - 2 potions of mutation {unknown}
 r - a potion of flight {unknown}
 u - 3 potions of curing {unknown}
 v - a potion of agility {unknown}
 w - a potion of invisibility {unknown}
 z - a potion of berserk rage {unknown}
Comestibles
 f - 6 rations
 g - 16 chunks of flesh


   Skills:
 + Level 3.8 Fighting
 + Level 7.0 Axes
 + Level 4.7 Armour
 + Level 3.6 Dodging
 + Level 1.0 Stealth
 + Level 5.7 Shields


You had 7 spell levels left.
You didn't know any spells.
Your spell library was empty.

Dungeon Overview and Level Annotations

Branches:
Dungeon (5/15)
 Temple: D:4-7

Altars:
Cheibriados
Dithmenos
Fedhas
Gozag
Qazlal
Ru
Sif Muna
The Shining One

Shops:
D:4 ?   D:5 ?

Portals:
Ossuary: D:4

Annotations:
D:5 1 runed door


Innate Abilities, Weirdness & Mutations

You are resistant to damage.
You can heal yourself by infusing magical energy.
You passively map a small area around you.
You do not regenerate.


Message History

The steam dragon bites you but does no damage.
You block the steam dragon's attack. x3
The steam dragon breathes steam at you. The ball of steam hits you!
* * * LOW HITPOINT WARNING * * *
You hit the steam dragon but do no damage.
The steam dragon is heavily wounded.
You barely miss the steam dragon. You hit the fungus.
The steam dragon barely misses you. You block the steam dragon's attack.
The steam dragon bites you but does no damage.
You block the steam dragon's attack.
You slash the steam dragon!
The steam dragon is almost dead.
You hit the fungus.
You hit the steam dragon but do no damage.
The steam dragon closely misses you.
The steam dragon claws you but does no damage.
The steam dragon breathes steam at you. The ball of steam hits you!
You die...

.#.#.. #..P# #.#
#....... .#.#.#
#..P#. #.###########.
.#.#.# ###
#P.^#.##.......# #.
##.#.#...#
#..≈#...######.# #.
.....#.#.# #...###.#
#.# #. .......#.#
##P..#<§.# #.# ##
.....###.# #≈P..§##.#
#.#
.....+...###....≈.###
#.#####
.....#..).#.≈.?.@PP#
#.)...#
###.......#....DD..#
#####.##
.)#.##..#.##P......#
#[.. #.#.###.#
#^P..P≈## #### #.#.#
#<# *###≈≈≈##
#.#.#*### ##### #.#..
,, ####** * ≈## ,


You could see 2 steam dragons.

Vanquished Creatures
  2 ogres (D:5)
  An ice beast (D:5)
  A sky beast (D:4)
  2 centaurs (D:5)
  2 crimson imps (D:5)
  A howler monkey (D:5)
  A jelly (D:5)
  An orc priest (D:5)
  A centaur skeleton (D:4)
  2 orc wizards (D:5)
  An iguana (D:4)
  Jessica (D:3)
  3 worker ants
  7 adders
  An ooze (D:2)
  3 adder skeletons
  An adder zombie (D:5)
  A worm (D:3)
  2 dart slugs
  3 leopard geckos
  10 orcs
  9 giant cockroaches
  16 goblins
  2 hobgoblins
  7 jackals (D:1)
  4 kobolds
  5 quokkas
  A ball python skeleton (D:4)
  11 bats
  4 frilled lizards
  11 rats
117 creatures vanquished.

Vanquished Creatures (others)
  2 fungi (D:5)
2 creatures vanquished.

Grand Total: 119 creatures vanquished

Notes
Turn   | Place    | Note
-------+----------+-------------------------------------------
     0 | D:1      | jjfam the Deep Dwarf Fighter began the quest for the Orb.
     0 | D:1      | Reached XP level 1. HP: 20/20 MP: 1/1
   233 | D:1      | Reached XP level 2. HP: 25/27 MP: 2/2
   861 | D:2      | Reached XP level 3. HP: 30/33 MP: 3/3
   897 | D:2      | Found a snail-covered altar of Cheibriados.
  1000 | D:2      | Reached skill level 3 in Axes
  1096 | D:2      | Reached skill level 1 in Dodging
  1161 | D:2      | Found a stormy altar of Qazlal.
  1324 | D:2      | Reached XP level 4. HP: 34/42 MP: 4/4
  1590 | D:3      | Found a shadowy altar of Dithmenos.
  1594 | D:3      | Found a blossoming altar of Fedhas.
  1594 | D:3      | Found a sacrificial altar of Ru.
  1607 | D:3      | Found a glowing golden altar of the Shining One.
  1611 | D:3      | Found a deep blue altar of Sif Muna.
  1632 | D:3      | Noticed Jessica
  1638 | D:3      | Killed Jessica
  1645 | D:3      | Reached XP level 5. HP: 36/49 MP: 5/5
  1892 | D:4      | Reached skill level 4 in Axes
  1926 | D:4      | Found Pitawae's Magic Scroll Shoppe.
  2029 | D:4      | Found an opulent altar of Gozag.
  2066 | D:4      | Found a sand-covered staircase.
  2285 | D:4      | Reached XP level 6. HP: 34/56 MP: 6/6
  2298 | D:4      | Noticed a sky beast
  2309 | D:4      | Killed a sky beast
  2309 | D:4      | Reached skill level 5 in Axes
  2506 | D:5      | Entered Level 5 of the Dungeon
  2582 | D:5      | Reached skill level 5 in Shields
  2582 | D:5      | Reached XP level 7. HP: 58/62 MP: 5/5
  2698 | D:5      | Found Goytosed's Magic Scroll Boutique.
  2701 | D:5      | Bought a scroll of identify for 28 gold pieces
  2711 | D:5      | Found a runed door.
  2777 | D:5      | Reached skill level 6 in Axes
  2822 | D:5      | Reached skill level 1 in Stealth
  2844 | D:5      | Reached XP level 8. HP: 51/72 MP: 6/6
  2848 | D:5      | Reached skill level 7 in Axes
  2971 | D:5      | HP: 3/72 [steam dragon/ball of steam (13)]
  2978 | D:5      | Killed from afar by a steam dragon

Vault maps used:
D:1:      dpeg_arrival_tiny_i
D:2:      old_standard_altar, grunt_qazlal_clouds, first_ration,
          kennysheep_generic_room_15
D:3:      minmay_overflow_temple_star_hex, uniq_jessica
D:4:      kennysheep_the_goblin_king, grunt_gozag_statues, enter_ossuary_1,
          serial_shops, shop_scrolls, hangedman_glass_teeth
D:5:      kennysheep_steamy, serial_shops, kennysheep_mini_moat, basic_altar,
          kennysheep_generic_room_3, uniq_crazy_yiuf_cottage

Skill      XL: |  1  2  3  4  5  6  7  8 |
---------------+-------------------------+-----
Fighting       | 3 |  3.8
Axes           | 3 4 5 6 7 |  7.0
Dodging        | 1 2 3 |  3.6
Shields        | 4 5 |  5.7
Armour         | 4 |  4.7
Stealth        | 1 |  1.0

Action                   |  1- 3 |  4- 6 |  7- 9 || total
-------------------------+-------+-------+-------++-------
Melee: War axe           |   147 |   162 |   101 ||   410
 Abil: Heal Wounds       |       |     2 |     5 ||     7
  Eat: Chunk             |     2 |     4 |     2 ||     8
Armor: Scale mail        |    85 |       |       ||    85
       Acid dragon scale |       |    72 |    37 ||   109
Dodge: Dodged            |    36 |    71 |    47 ||   154
Block: Shield            |    87 |   114 |    71 ||   272

Table legend:
 A = Non-vault XP
 B = Vault XP
 C = Vault XP percentage of total XP
 D = Non-vault monster count
 E = Vault monster count
 F = Vault count percentage of total count
 G = Total turns spent on level
                 A         B        C        D         E       F
            +---------+---------+-------+---------+---------+-------
      Total |    1479 |      48 |   3.1 |     109 |       8 |   6.8
            +---------+---------+-------+---------+---------+-------
        D:1 |      40 |       0 |   0.0 |      24 |       0 |   0.0
        D:2 |      59 |       0 |   0.0 |      24 |       0 |   0.0
        D:3 |      69 |      37 |  34.9 |      22 |       1 |   4.3
        D:4 |     330 |      11 |   3.2 |      16 |       7 |  30.4
        D:5 |     981 |       0 |   0.0 |      23 |       0 |   0.0
            +---------+---------+-------+---------+---------+-------
